 Dungeon Sprint DCSS version 0.31-a0-1309-gbf3fed316f (webtiles) character file.

Game seed: 15249294458450904686

230 Conn the Firebug (level 6, -2/64 HPs)
             Began as an Octopode Fire Elementalist on Dec 20, 2023.
             Succumbed to a scorpion's poison
             ... in the Dungeon (Sprint II: "The Violet Keep of Menkaure").
             The game lasted 00:00:53 (28 turns).

Conn the Firebug (Octopode Fire Elementalist)         Turns: 28, Time: 00:00:54

Health: -2/64      AC:  1    Str:  8    XL:     6   Next: 3%
Magic:  4/12       EV: 14    Int: 19    God:
Gold:   0          SH:  0    Dex: 12    Spells: 12/13 levels left

rFire   . .          .
                       - Unarmed
rCold   . . .        (no shield)
rNeg    . . .        (helmet restricted)
rPois   .            (no amulet)
rElec   .            (no ring)
rCorr   .            (no ring)
SInv    .            (no ring)
Will    .....        (no ring) Stlth
                     (no ring)
HPRegen 0.30/turn    (no ring)
MPRegen 0.13/turn    (no ring)
                     (no ring)

%: no teleportation
@: berserking (expiring), lethally poisoned (-2 -> -22), hasted, very quick
A: almost no armour, amphibious, 8 rings, camouflage 1, gelatinous body 1,
(nimble swimmer 1), tentacles
a: no special abilities


You were in the Dungeon.
You visited 1 branch

Inventory:

Scrolls
 f - a scroll of blinking
Potions
 a - 3 potions of magic
 b - a potion of curing
 c - a potion of heal wounds


   Skills:
 + Level 4.0 Fighting
 + Level 4.2 Dodging
 + Level 4.9 Stealth
 - Level 1.4 Unarmed Combat
 + Level 4.4 Spellcasting
 * Level 4.8 Conjurations
 + Level 7.9 Fire Magic


You had 12 spell levels left.
You knew the following spells:

 Your Spells              Type           Power      Damage    Failure   Level
a - Foxfire               Conj/Fire      100%       2x1d9     1%          1

Your spell library contained the following spells:

 Spells                   Type           Power      Damage    Failure   Level
 Scorch                   Fire           68%        2d7       1%          2
 Inner Flame              Hex/Fire       19%        N/A       8%          3
 Volatile Blastmotes      Fire/Tloc      38%        2d13      8%          3
 Flame Wave               Conj/Fire      28%        2d9       10%         4


Dungeon Overview and Level Annotations

Branches:
Dungeon (1/1)

Altars:


Innate Abilities, Weirdness & Mutations

You cannot wear most types of armour.
You are amphibious.
You can wear up to eight rings at the same time.
Your skin changes colour to match your surroundings (Stealth+).
Your rubbery body absorbs attacks. (AC +1, EV +1)
((You are camouflaged when in or above water. (Stealth+)))
You have tentacles for arms and can constrict up to eight enemies at once.


Message History

You constrict the scorpion, but do no damage.
You feel sick.
You tentacle-slap the scorpion. You squeeze the scorpion.
You kill the scorpion!
You feel sick.
Your Fighting skill increases to level 4!
Your Unarmed Combat skill increases to level 1!
Your Spellcasting skill increases to level 4!
Your Conjurations skill increases to level 4!
Your Fire Magic skill increases to level 7!
Unknown command.
You barely miss the scorpion. You grab the scorpion.
You constrict the scorpion, but do no damage.
You feel sick. The scorpion stings you.
* * * LOW HITPOINT WARNING * * *
You are lethally poisoned!
The scorpion poisons you!
Unknown command.
You tentacle-slap the scorpion. Your squeeze misses the scorpion.
The scorpion is moderately wounded.
You constrict the scorpion.
* * * LOW HITPOINT WARNING * * *
You feel very sick. The scorpion stings you.
* * * LOW HITPOINT WARNING * * *
You are more poisoned.
The scorpion poisons you!
You bludgeon the scorpion!
The scorpion is almost dead.
You constrict the scorpion.
You kill the scorpion!
* * * LOW HITPOINT WARNING * * *
You feel very sick.
Your Dodging skill increases to level 4!
You have reached level 6!
Unknown command.
Unknown command.
Unknown command.
You are too berserk!
You die...

## ### 3##33
# 3$. # ##.
#+# .##
#.B.##.##...#
#+.@.+.#
#B○.##.##.m.#
##. #†# .## #
.#. # .. ..
### ###


There were no monsters in sight!

Vanquished Creatures
  4 scorpions (D)
4 creatures vanquished.

Notes
Turn   | Place    | Note
-------+----------+-------------------------------------------
     0 | D        | Conn the Octopode Fire Elementalist began the quest for the
                  | Orb.
     0 | D        | Reached XP level 1. HP: 11/11 MP: 3/3
     1 | D        | Noticed a boulder beetle
     1 | D        | Noticed a boulder beetle
     4 | D        | Noticed a neqoxec
     4 | D        | Noticed a neqoxec
     4 | D        | Noticed a neqoxec
     4 | D        | Noticed a neqoxec
     7 | D        | Noticed a merfolk siren
    10 | D        | Noticed a scorpion
    10 | D        | Noticed a scorpion
    10 | D        | Noticed a scorpion
    10 | D        | Noticed a scorpion
    16 | D        | Killed a scorpion
    17 | D        | Reached skill level 5 in Fire Magic
    17 | D        | Reached XP level 2. HP: 20/20 MP: 4/6
    17 | D        | Reached XP level 3. HP: 25/25 MP: 4/7
    17 | D        | Reached XP level 4. HP: 30/30 MP: 4/8
    20 | D        | Killed a scorpion
    21 | D        | Reached skill level 6 in Fire Magic
    21 | D        | Reached XP level 5. HP: 28/36 MP: 4/10
    25 | D        | Reached skill level 1 in Unarmed Combat
    25 | D        | Reached skill level 7 in Fire Magic
    27 | D        | HP: 1/55 [poisoned by a scorpion]
    28 | D        | Reached XP level 6. HP: 1/43 MP: 4/12
    28 | D        | Succumbed to a scorpion's poison

Illustrated notes

Levels and vault maps discovered:
D:        the_violet_keep_of_menkaure [sprint2_stairs_cluster_1,
          sprint2_shoproom, sprint2_temple, sprint2_basic_supplies,
          sprint2_obstacle_7, sprint2_obstacle_6, sprint2_obstacle_5,
          sprint2_obstacle_3, sprint2_obstacle_2, sprint2_timed_cluster_1,
          sprint2_smallroom_cluster_1, sprint2_smallroom_final_cluster_1,
          sprint2_transparent_cluster_1, sprint2_second_timed_cluster_1,
          sprint2_sniper_area_1, sprint2_heavy_combat_area_1,
          sprint2_mutation_trap_area_1, sprint2_forest_area_1,
          sprint2_light_combat_area_1, sprint2_behind_water_1,
          sprint2_near_end_vault_1]

Skill      XL: |  1  2  3  4  5 |
---------------+----------------+-----
Fighting       | 2 3 4 |  4.0
Stealth        | 3 4 |  4.9
Spellcasting   | 3 4 |  4.4
Conjurations   | 2 3 4 |  4.8
Fire Magic     | 5 6 7 |  7.9
Dodging        | 3 4 |  4.2
Unarmed Combat | 1 |  1.4

Action                     |  1- 3 |  4- 6 || total
---------------------------+-------+-------++-------
  Melee: Unarmed           |     4 |    11 ||    15
         Constrict         |     1 |     3 ||     4
         Tentacles         |     1 |     2 ||     3
    Use: Potion            |     2 |       ||     2
 Armour: Skin              |     1 |     4 ||     5
  Dodge: Dodged            |     3 |     2 ||     5

Table legend: (Time is in decaauts)
 A = Elapsed time spent in this place.
 B = Non-inter-level travel time spent in this place.
 C = Inter-level travel time spent in this place.
 D = Time resting spent in this place.
 E = Time spent auto-exploring this place.
 F = Levels seen in this place.
 G = Mean time per level.
                   A        B        C        D        E       F      G
               +--------+--------+--------+--------+--------+-----+--------+
         Total |     22 |     22 |      0 |      0 |      0 |   1 |   22.0 |
       Dungeon |     22 |     22 |      0 |      0 |      0 |   1 |   22.0 |
               +--------+--------+--------+--------+--------+-----+--------+

Top non-repeatable levels by time:
       D: 22 daAuts
